 Dungeon Crawl Stone Soup version 0.28.0-53-g5a82cb258f (webtiles) character file.

Game seed: 8221134447738672398

56 SanguineChosen the Chopper (level 3, -3/33 HPs)
             Began as a Minotaur Berserker on July 30, 2022.
             Was a Believer of Trog.
             Killed from afar by an orc wizard (7 damage)
             ... with a magic dart
             ... on level 3 of the Dungeon.
             The game lasted 00:05:09 (1569 turns).

SanguineChosen the Chopper (Minotaur Berserker)     Turns: 1569, Time: 00:05:09

Health: -3/33      AC:  5    Str: 23    XL:     3   Next: 69%
Magic:  2/2        EV: 11    Int:  4    God:    Trog [**....]
Gold:   80         SH:  0    Dex:  9    Spells: 2/2 levels left

rFire   . . .      SeeInvis .   l - +0 battleaxe
rCold   . . .      Faith    .   (shield currently unavailable)
rNeg    . . .      Spirit   .   f - +0 ring mail
rPois   .          Reflect  .   (helmet restricted)
rElec   .          Harm     .   (no cloak)
rCorr   .          Rampage  .   (no gloves)
Will    .....                   (no boots)
Stlth   ..........              (no amulet)
HPRegen 0.11/turn               (no ring)
MPRegen 0.08/turn               (no ring)

@: no status effects
A: horns 2, retaliatory headbutt
a: Renounce Religion, Berserk, Trog's Hand


You were on level 3 of the Dungeon.
You worshipped Trog.
Trog was pleased with you.
You visited 1 branch of the dungeon, and saw 3 of its levels.

You collected 80 gold pieces.

Inventory:

Hand Weapons
 a - a +0 hand axe
 l - a +0 battleaxe (weapon)
Missiles
 m - 6 poisoned darts (quivered)
Armour
 f - a +0 ring mail (worn)
Scrolls
 d - a scroll of immolation {unknown}
 g - a scroll of noise {unknown}
 k - a scroll of blinking {unknown}
Potions
 b - a potion of haste {unknown}
 c - a potion of attraction {unknown}
 e - a potion of heal wounds {unknown}
 h - a potion of flight {unknown}
 i - a potion of berserk rage {unknown}
 j - a potion of resistance {unknown}


   Skills:
 + Level 4.2 Fighting
 + Level 4.6 Axes
 + Level 3.1 Armour
 + Level 2.4 Dodging


You had 2 spell levels left.
You didn't know any spells.
Your spell library was empty.

Dungeon Overview and Level Annotations

Branches:
Dungeon (2/15)

Altars:
Trog

Shops:
D:1 :


Innate Abilities, Weirdness & Mutations

You have a pair of horns on your head.
You reflexively headbutt those who attack you in melee.


Message History

The orc wizard is heavily wounded.
The orc wizard casts a spell at you. You resist with significant effort.
The orc wizard closely misses you.
Okay, then.
You barely miss the orc wizard. Your headbutt misses the orc wizard.
The orc wizard is heavily wounded.
The orc wizard closely misses you.
You closely miss the orc wizard.
You headbutt the orc wizard, but do no damage.
The orc wizard is heavily wounded.
The orc wizard hits you but does no damage.
The orc wizard casts a spell.
The orc wizard flickers and vanishes!
Deactivating autopickup; reactivate with Ctrl-A.
You barely miss something. Your headbutt misses something.
Something hits you but does no damage.
You miss something. Your headbutt misses something.
You hear some strange, mumbled words.
You are confused.
Something hits you.
You completely miss something.
You hear some strange, mumbled words.
A puff of flame appears from out of thin air!
The puff of flame hits you!
You miss something.
You hear some strange, mumbled words.
A puff of flame appears from out of thin air!
The puff of flame hits you. Something hits you but does no damage.
You closely miss something. Something hits you but does no damage.
You feel less confused.
You hear some strange, mumbled words.
A magic dart appears from out of thin air!
The magic dart hits you!
* * * LOW HITPOINT WARNING * * *
Items here: ( ))) [ †.
m - 6 poisoned darts You hear some strange, mumbled words.
A magic dart appears from out of thin air!
The magic dart hits you!
You die...

####### $......
######
.......##....$#
...$...@..#
.......{###
........#
.###....#
#..#### #.# ...
..


There were no monsters in sight!

Vanquished Creatures
  An orc wizard (D:3)
  A worm (D:2)
  A dart slug (D:1)
  An orc (D:3)
  A bat (D:1)
  An endoplasm (D:2)
  3 hobgoblins
  A quokka (D:2)
  A ball python (D:1)
  3 frilled lizards
  2 goblins
  7 kobolds
  3 rats
26 creatures vanquished.

Vanquished Creatures (others)
  3 fungi (D:1)
3 creatures vanquished.

Grand Total: 29 creatures vanquished

Notes
Turn   | Place    | Note
-------+----------+-------------------------------------------
     0 | D:1      | SanguineChosen the Minotaur Berserker began the quest for
                  | the Orb.
     0 | D:1      | Reached XP level 1. HP: 19/19 MP: 0/0
   194 | D:1      | Found a faded altar of an unknown god.
   432 | D:1      | Reached XP level 2. HP: 27/27 MP: 1/1
   436 | D:1      | Found Juguiwn's Book Shop.
  1119 | D:2      | Found a bloodstained altar of Trog.
  1549 | D:2      | You fall into a shaft and drop 1 floor!
  1554 | D:3      | Reached XP level 3. HP: 33/33 MP: 2/2
  1556 | D:3      | Reached ** piety under Trog
  1569 | D:3      | Killed from afar by an orc wizard

Illustrated notes

Levels and vault maps discovered:
D:1:      dpeg_arrival_water_fire, layout_basic, serial_shops,
          nicolae_square_shop, dreamdust_ecumenical_altar_grove, minmay_cupped
D:2:      layout_basic, basic_altar
D:3:      layout_rooms, nicolae_hepliaklqana_hazy_memory, serial_shops,
          nicolae_shop_window_shopping, uniq_ijyb, uniq_sigmund, uniq_robin

Skill      XL: |  1  2  3 |
---------------+----------+-----
Axes           | 4 |  4.6
Fighting       | 4 |  4.2
Armour         | 3 |  3.1
Dodging        | |  2.4

Action                   || total
-------------------------++-------
Melee: Hand axe          ||    48
       Headbutt          ||     8
       Battleaxe         ||    19
       Punch             ||     2
Armor: Ring mail         ||    20
       Animal skin       ||     1
Dodge: Dodged            ||    26
